 Dungeon Crawl Stone Soup version 0.31-a0-460-g9e667d4245 (webtiles) character file.

Game seed: 521825664608200441

131 Hubris850 the Insei (level 5, 0/37 HPs)
             Began as a Merfolk Shapeshifter on Aug 4, 2023.
             Killed by divine providence
             ... invoked by an orc priest
              (7 damage)
             ... on level 3 of the Dungeon.
             The game lasted 00:06:32 (1865 turns).

Hubris850 the Insei (Merfolk Shapeshifter)          Turns: 1865, Time: 00:06:32

Health: 0/37       AC:  3    Str: 15    XL:     5   Next: 14%
Magic:  5/5        EV: 13    Int:  9    God:
Gold:   128        SH:  0    Dex: 15    Spells: 4/4 levels left

rFire   . .          .
                       - Unarmed
rCold   . . .        (no shield)
rNeg    . . .        g - +0 leather armour
rPois   .            (helmet currently unavailable)
rElec   .            (cloak currently unavailable)
rCorr   .            (gloves currently unavailable)
SInv    .            (boots currently unavailable)
Will    .....        (no amulet)
Stlth   +            (no ring)
HPRegen 0.26/turn    (no ring)
MPRegen 0.09/turn

%: no passive effects
@: beast-form
A: beast (slay +3), (nimble swimmer 2), mertail
a: Begin Untransformation


You were on level 3 of the Dungeon.
You were a hulking beast.
You visited 1 branch of the dungeon, and saw 3 of its levels.

You collected 128 gold pieces.

Inventory:

Missiles
 m - 6 darts of dispersal
 o - 3 poisoned darts
 p - 2 boomerangs (quivered)
Armour
 a - a +0 animal skin
 g - a +0 leather armour (worn)
Magical Staves
 k - a staff of cold
Talismans
 c - a beast talisman (active)
Wands
 q - a wand of flame (10)
Scrolls
 d - 5 scrolls of identify {unknown}
 i - a scroll of vulnerability {unknown}
 j - a scroll of enchant armour {unknown}
 n - a scroll of noise {unknown}
Potions
 b - a potion of lignification
 f - 2 potions of cancellation {unknown}
 h - a potion of attraction {unknown}
 l - a potion of degeneration {unknown}


   Skills:
 - Level 1.1 Fighting
 - Level 4.0 Dodging
 * Level 5.0 Unarmed Combat
 + Level 4.8 Shapeshifting


You had 4 spell levels left.
You didn't know any spells.
Your spell library contained the following spells:

 Spells                   Type           Power      Damage    Failure   Level
 Slow                     Hex            0%         N/A       45%         1
 Sting                    Tmut/Pois      0%         1d3       45%         1
 Poisonous Vapours        Pois/Air       0%         N/A       58%         2
 Confusing Touch          Hex            0%         N/A       83%         3
 Ozocubu's Armour         Ice            0%         N/A       83%         3
 Vampiric Draining        Necr           0%         2d6       83%         3
 Olgreb's Toxic Radiance  Pois           0%         N/A       99%         4
 Ozocubu's Refrigeration  Ice            0%         4d7       100%        7


Dungeon Overview and Level Annotations

Branches:
Dungeon (3/15)

Altars:
Dithmenos


Innate Abilities, Weirdness & Mutations

You are a hulking beast.
Your limbs bulge with bestial killing power. (Slay +3)
((You are very nimble when in or above water. (Stealth+, EV+, Speed+++)))
Your lower body shifts to a powerful aquatic tail in water.


Message History

You throw a javelin.
The javelin pierces through the orc but does no damage.
The javelin pierces through the orc!
You kill the orc!
The javelin barely misses the orc priest.
The orc completely misses you. The orc hits you with a +0 dagger.
Unknown command.
Throw: javelin
Press: ? - help, Shift-Dir - straight line, f - orc priest, p - orc
Aim: an orc priest, wielding a +0 war axe (60% to hit)
You throw a javelin. The javelin closely misses the orc.
The javelin hits the orc priest and shatters for extra damage!
The orc priest is severely wounded.
The orc hits you but does no damage. Something hits you.
Okay, then.
You barely miss the orc. The orc hits you with a +0 dagger. Something hits you.
You hit the orc but do no damage. The orc closely misses you.
Something barely misses you.
The orc priest invokes the aid of Beogh against you.
Beogh smites you!
You hit the orc but do no damage. The orc hits you with a +0 dagger.
Something barely misses you.
You barely miss the orc. You punch the orc.
The orc is lightly wounded.
The orc closely misses you. Something hits you.
* * * LOW HITPOINT WARNING * * *
You hit the orc.
The orc is moderately wounded.
The orc barely misses you. Something hits you.
* * * LOW HITPOINT WARNING * * *
You punch the orc!
You kill the orc!
An orc wizard appears from thin air!
Reactivating autopickup.
The orc wizard mumbles some strange words.
The orc wizard flickers and vanishes!
Deactivating autopickup; reactivate with Ctrl-A.
The orc priest mumbles some strange prayers to Beogh against you.
Beogh smites you!
You die...

...≈^§.# .# ._.≈§§§#
#.# .# ...≈...###.#
.# ≈≈≈≈.≈.....# ##.##
§....≈..#..####...
§§≈≈≈≈....... ...
........#..# #.#
.##.....#..####.###
.##......(.oooo)h.#
.##.........#####.#
.##.........# .#
..........).# ..
............# ...
#.########.o#####....
#.# #....{.o(#.## #.#
#?#...##..<# #..
#.##..#


You could see 2 orc priests and 2 orcs.

Vanquished Creatures
  4 gnolls (D:3)
  4 adders
  3 orcs (D:3)
  2 ball pythons (D:1)
  7 bats
  3 endoplasms
  6 giant cockroaches
  5 goblins
  8 hobgoblins
  2 quokkas (D:3)
  A frilled lizard (D:2)
  5 kobolds
  3 rats (D:1)
53 creatures vanquished.

Notes
Turn   | Place    | Note
-------+----------+-------------------------------------------
     0 | D:1      | Hubris850 the Merfolk Shapeshifter began the quest for the
                  | Orb.
     0 | D:1      | Reached XP level 1. HP: 15/15 MP: 1/1
   108 | D:1      | Reached XP level 2. HP: 19/21 MP: 2/2
   591 | D:2      | Reached XP level 3. HP: 26/26 MP: 3/3
   619 | D:2      | Reached skill level 4 in Unarmed Combat
  1254 | D:2      | Reached XP level 4. HP: 30/32 MP: 4/4
  1561 | D:3      | Found a shadowy altar of Dithmenos.
  1724 | D:3      | Reached XP level 5. HP: 12/37 MP: 5/5
  1725 | D:3      | Reached skill level 5 in Unarmed Combat
  1865 | D:3      | Killed from afar by an orc priest

Illustrated notes

Levels and vault maps discovered:
D:1:      psy_arrival_basics, layout_rooms
D:2:      layout_loops_corners, st_stairs_4, wad_floor_pattern_2
D:3:      layout_loops_ring, mainiacjoe_overflow_concentric_impassable,
          trog_hazing_becter, grunt_temple_overflow_open, item_on_display_a

Skill      XL: |  1  2  3  4  5 |
---------------+----------------+-----
Dodging        | 3 4 |  4.0
Unarmed Combat | 4 5 |  5.0
Fighting       | |  1.1
Shapeshifting  | |  4.8

Action                     |  1- 3 |  4- 6 || total
---------------------------+-------+-------++-------
  Melee: Unarmed           |    92 |    40 ||   132
         Punch             |     3 |     2 ||     5
  Throw: Javelin           |     1 |     9 ||    10
 Armour: Leather armour    |    21 |    16 ||    37
         Animal skin       |     2 |       ||     2
  Dodge: Dodged            |    49 |    28 ||    77

Table legend: (Time is in decaauts)
 A = Elapsed time spent in this place.
 B = Non-inter-level travel time spent in this place.
 C = Inter-level travel time spent in this place.
 D = Time resting spent in this place.
 E = Time spent auto-exploring this place.
 F = Levels seen in this place.
 G = Mean time per level.
                   A        B        C        D        E       F      G
               +--------+--------+--------+--------+--------+-----+--------+
         Total |   1859 |   1829 |     30 |    110 |   1311 |   3 |  619.7 |
       Dungeon |   1859 |   1829 |     30 |    110 |   1311 |   3 |  619.7 |
               +--------+--------+--------+--------+--------+-----+--------+

Top non-repeatable levels by time:
     D:2: 951 daAuts
     D:1: 501 daAuts
     D:3: 406 daAuts
